 Dungeon Crawl Stone Soup version 0.18-a0-1187-g9b90ff5 (webtiles) character file.

307 Grap the Skirmisher (level 6, -12/40 HPs)
             Began as a Gargoyle Fighter on Jan 29, 2016.
             Was a Follower of Okawaru.
             Mangled by an ogre
             ... wielding a +0 giant club
              (17 damage)
             ... on level 4 of the Dungeon.
             The game lasted 00:05:59 (2789 turns).

Grap the Skirmisher (Gargoyle Fighter)              Turns: 2789, Time: 00:05:59

Health: -12/40     AC: 14    Str: 20    XL:     6   Next: 40%
Magic:  6/6        EV:  9    Int:  8    God:    Okawaru [*.....]
Gold:   116        SH:  5    Dex: 11    Spells: 0 memorised, 5 levels left

rFire  . . .     SeeInvis .     a - +0 flail
rCold  . . .     Gourm    .     d - +2 scale mail {rPois}
rNeg   + . .     Faith    .     A - +0 buckler
rPois  ∞         Spirit   .     (no helmet)
rElec  +         Dismiss  .     r - +0 cloak
rCorr  .         Reflect  .     (no gloves)
SustAt .         Harm     .     (no boots)
MR     .....                    (no amulet)
Stlth  ..........               (no ring)
                                s - ring of poison resistance

@: not resistant to hostile enchantments, extremely unstealthy
A: negative energy resistance 1, electricity resistance, unbreathing,
petrification resistance, rot immunity, AC +4
a: Heroism, Renounce Religion


You were on level 4 of the Dungeon.
You worshipped Okawaru.
Okawaru was aware of your devotion.
You were not hungry.

You visited 1 branch of the dungeon, and saw 4 of its levels.

You collected 116 gold pieces.

Inventory:

Hand Weapons
 a - a +0 flail (weapon)
Armour
 b - a +0 scale mail
 c - a +0 shield
 d - a +2 scale mail of poison resistance (worn)
 r - a +0 cloak (worn)
 A - a +0 buckler (worn)
Jewellery
 s - a ring of poison resistance (left hand)
Wands
 l - a wand of confusion (26/48)
 t - a wand of slowing (24/48)
Scrolls
 j - 3 scrolls of identify
 m - a scroll of fear
 n - a scroll of remove curse {unknown}
 q - 2 scrolls of amnesia {unknown}
 u - 2 scrolls of teleportation {unknown}
 v - a scroll of recharging {unknown}
 w - 2 scrolls of fog {unknown}
 y - a scroll of magic mapping {unknown}
 z - 2 scrolls of immolation {unknown}
Potions
 g - a potion of beneficial mutation {unknown}
 i - 2 potions of heal wounds {unknown}
 k - 3 potions of agility
 o - a potion of mutation {unknown}
 B - a potion of flight
Comestibles
 f - 2 bread rations
 h - 10 fruits
 p - a slice of pizza
 x - 8 chunks of flesh


   Skills:
 - Level 5.4 Fighting
 - Level 3.4 Maces & Flails
 - Level 3.2 Armour
 + Level 5.4 Shields


You had 5 spell levels left.
You didn't know any spells.

Dungeon Overview and Level Annotations

Branches:
Dungeon (4/15)
 Temple: D:4-7

Altars:
Cheibriados
Gozag
Makhleb
Okawaru
Qazlal
Ru
Sif Muna
Yredelemnul


Innate Abilities, Weirdness & Mutations

You are resistant to torment.
Your stone body is resilient (AC +4).
You are immune to poison.
You resist negative energy.
You are resistant to electric shocks.
You can survive without breathing.
You are immune to petrification.
You are immune to rotting.


Message History

You feel a little less agile now.
You open the door.
The ogre shouts!
The adder disappears!
The ogre disappears!
There is an open door here.
Found a rapier.
Throwing (i - inventory):
e - a throwing net (quivered)
Press: ? - help, Shift-Dir - straight line, f - ogre
Aim: an ogre, wielding a giant club You throw a throwing net.
The throwing net barely misses the ogre.
The ogre hits you with a giant club!
You sock the ogre!
The ogre is moderately wounded.
The ogre hits you with a giant club!
* * * LOW HITPOINT WARNING * * *
You thump the ogre!
The ogre is severely wounded.
The ogre hits you with a giant club!
You die...

#.#######.# ## .#
#.#.# #...# #^#.#
#.#########.#
####.#)+^....'.##
.(..#########..#
#....# #§#..#
#.O..# #.#..#
#@.#######..#
#...........#
#...........#
#############


You could see an ogre.

Vanquished Creatures
  Blork the orc (D:4)
  A hound (D:4)
  Terence (D:2)
  A worker ant (D:4)
  Robin (D:2)
  A gnoll (D:2)
  4 adders
  An ooze (D:1)
  An adder skeleton (D:4)
  3 worms
  4 giant geckos
  4 orcs
  5 giant cockroaches
  15 goblins
  11 hobgoblins
  4 jackals
  4 quokkas
  A ball python (D:2)
  3 bats
  6 kobolds
  7 rats
79 creatures vanquished.

Notes
Turn   | Place    | Note
--------------------------------------------------------------
     0 | D:1      | Grap the Gargoyle Fighter began the quest for the Orb.
     0 | D:1      | Reached XP level 1. HP: 14/14 MP: 1/1
   131 | D:1      | Reached XP level 2. HP: 13/20 MP: 2/2
   239 | D:1      | Reached skill level 4 in Fighting
   381 | D:1      | Reached XP level 3. HP: 24/24 MP: 3/3
   873 | D:2      | Noticed Terence
   882 | D:2      | Found a basalt altar of Yredelemnul.
   886 | D:2      | Killed Terence
   886 | D:2      | Reached XP level 4. HP: 30/30 MP: 4/4
   998 | D:2      | Found a stormy altar of Qazlal.
  1212 | D:2      | Found an iron altar of Okawaru.
  1220 | D:2      | Became a worshipper of Warmaster Okawaru
  1252 | D:2      | Found a burning altar of Makhleb.
  1257 | D:2      | Noticed Robin
  1263 | D:2      | Reached skill level 5 in Fighting
  1308 | D:2      | Killed Robin
  1479 | D:2      | Found an opulent altar of Gozag.
  1578 | D:2      | Found a deep blue altar of Sif Muna.
  1628 | D:2      | Found a snail-covered altar of Cheibriados.
  1635 | D:2      | Reached XP level 5. HP: 35/35 MP: 5/5
  1898 | D:3      | Found a sacrificial altar of Ru.
  2649 | D:4      | Reached XP level 6. HP: 37/40 MP: 6/6
  2691 | D:4      | Noticed Blork the orc
  2711 | D:4      | Killed Blork the orc
  2711 | D:4      | Reached * piety under Okawaru
  2711 | D:4      | Reached skill level 5 in Shields
  2789 | D:4      | Mangled by an ogre

Vault maps used:
D:1:      denvon_arrival_planthouse, grunt_decor_mini_mirrors,
          minmay_misc_feat_room
D:2:      wad_river_or_something, cheibriados_altar_wand_db, marbit_many_paths,
          overflow_temple_1_default, lemuel_crystal_altar, lemuel_doored_altar,
          kennysheep_flooded_box, grunt_qazlal_clouds, uniq_robin, uniq_terence
D:3:      hangedman_ru_absence, minmay_misc_feat_x, corexii_hall_statues_i
D:4:      bloody_trog, tgw_xom, minmay_temple_entry_fiery, first_bread,
          minmay_misc_feat_columns, grunt_tough_drop, uniq_blork_the_orc

Action                   |  1- 3 |  4- 6 || total
-------------------------+-------+-------++-------
Melee: Flail             |   120 |   271 ||   391
Throw: Throwing net      |       |     1 ||     1
Evoke: Wand              |       |     3 ||     3
  Use: Potion            |     1 |     1 ||     2
       Scroll            |       |     3 ||     3
 Stab: Confused          |       |     1 ||     1
  Eat: Chunk             |       |     7 ||     7
